 Dungeon Crawl Stone Soup version 0.29-a0-553-g81b289dbe5 (webtiles) character file.

Game seed: 2316126188289963805

2826 zishaf the Summoner (level 9, -2/42 HPs)
             Began as a Felid Summoner on June 6, 2022.
             Was a Follower of Sif Muna.
             Hit by a large rock thrown by a cyclops (44 damage)
             ... on level 7 of the Dungeon.
             The game lasted 00:33:12 (12892 turns).

zishaf the Summoner (Felid Summoner)               Turns: 12892, Time: 00:33:12

Health: -2/42      AC:  3    Str:  4    XL:     9   Next: 45%
Magic:  15/15      EV: 21    Int: 20    God:    Sif Muna [*.....]
Gold:   376        SH:  0    Dex: 23    Spells: 0/15 levels left
                                        Lives:  0   Deaths: 2

rFire   . . .      SeeInvis +   (weapon unavailable)
rCold   + . .      Faith    .   (shield unavailable)
rNeg    . . .      Spirit   .   (body armour unavailable)
rPois   +          Reflect  .   (helmet unavailable)
rElec   .          Harm     .   (cloak unavailable)
rCorr   .          Rampage  .   (gloves unavailable)
Will    +....                   (boots unavailable)
Stlth   +++.......              (no amulet)
HPRegen 0.14/turn               f - ring of wizardry
MPRegen 0.14/turn               p - +6 ring of dexterity

@: quick
A: very small, claws 1, fangs 3, see invisible, speed 1, shaggy fur 3, stealthy
paws, no weapons or thrown items, no armour, multi-lived, poison resistance,
evolution 1
a: Renounce Religion, Channel Magic


You were on level 7 of the Dungeon.
You worshipped Sif Muna.
Sif Muna was aware of your devotion.
You visited 2 branches of the dungeon, and saw 8 of its levels.

You collected 376 gold pieces.

Inventory:

Jewellery
 f - a ring of wizardry (left paw)
 p - a +6 ring of dexterity (right paw)
Wands
 l - a wand of mindburst (17)
 m - a wand of iceblast (17)
 o - a wand of polymorph (11)
 r - a wand of paralysis (8)
Scrolls
 c - a scroll of fog
 h - 2 scrolls of amnesia
 k - 2 scrolls of teleportation
Potions
 a - a potion of magic
 b - 2 potions of mutation
 d - 2 potions of attraction
 e - a potion of might
 g - 4 potions of flight
 i - 5 potions of curing
 j - 2 potions of heal wounds
 n - 2 potions of lignification
 q - a potion of invisibility {unknown}


   Skills:
 + Level 6.6 Fighting
 - Level 5.0 Dodging
 - Level 5.0 Stealth
 - Level 3.5 Spellcasting
 * Level 9.4 Summonings
 + Level 5.5 Air Magic
 + Level 5.9 Invocations
 - Level 5.0 Evocations


You couldn't memorise any spells.
You knew the following spells:

 Your Spells              Type           Power      Damage    Failure   Level
A - Call Imp              Summ           41%        N/A       1%          2
B - Call Canine Familiar  Summ           41%        N/A       1%          3
C - Summon Lightning Spi  Summ/Air       33%        N/A       2%          4
D - Summon Cactus Giant   Summ           20%        N/A       17%         6

Your spell library contained the following spells:

 Spells                   Type           Power      Damage    Failure   Level
 Summon Small Mammal      Summ           100%       N/A       1%          1
 Summon Guardian Golem    Hex/Summ       22%        N/A       2%          3
 Scorch                   Fire           6%         2d5       9%          2
 Sublimation of Blood     Necr           3%         N/A       9%          2
 Wereblood                Tmut           3%         N/A       9%          2
 Dazzling Flash           Conj/Hex       6%         N/A       16%         3
 Flame Wave               Conj/Fire      3%         2d4       45%         4
 Iskenderun's Mystic Bla  Conj/Tloc      3%         2d3       45%         4
 Summon Hydra             Summ           20%        N/A       65%         7
 Starburst                Conj/Fire      1%         6d3       100%        6


Dungeon Overview and Level Annotations

Branches:
Dungeon (7/15)             Temple (1/1) D:4

Altars:
Ashenzari
Cheibriados
Elyvilon
Fedhas
Gozag
Hepliaklqana
Kikubaaqudgha
Nemelex Xobeh
Okawaru
Qazlal
Ru
Sif Muna
Uskayaw
Vehumet
Xom
Yredelemnul
The Shining One

Shops:
D:6 (


Innate Abilities, Weirdness & Mutations

You have sharp claws.
You have razor-sharp teeth.
You have supernaturally acute eyesight. (SInv)
You cover ground quickly. (Speed+)
Your thick and shaggy fur keeps you warm. (AC +3, rC+)
Your paws help you pounce on unaware monsters.
You are incapable of wielding weapons or throwing items.
You cannot wear armour.
You gain extra lives every three experience levels.
Your system is resistant to poisons. (rPois)
You have hidden genetic potential.


Message History

The troll completely misses your shadow imp.
The troll claws your shadow imp!
Your shadow imp dies!
Your shadow imp disappears in a puff of smoke!
Items here: $ ( ) = [.
Casting: Call Imp (safe; 1% risk of failure)
Confirm with . or Enter, or press ? or * to list all spells.
The spell is extremely dangerous to miscast (17% risk of failure)!
Continue anyway?
You miscast Summon Cactus Giant.
You are very lightly contaminated with residual magic.
Desperate hands claw out at you.
A nameless horror comes into view.
Your lightning spire shoots out a bolt of lightning at the troll!
The bolt of electricity hits the troll!
The nameless horror hits you!
You feel your power leaking away.
The troll bites your lightning spire but does no damage.
The troll claws your lightning spire but does no damage.
The troll claws your lightning spire!
You hear a shout!
Your lightning spire shoots out a bolt of lightning at the troll!
The bolt of electricity hits the troll!
Send 'em back where they came from!
Your lightning spire disappears in a puff of smoke!
The nameless horror completely misses you.
You see here an iguana skeleton.
Your magical contamination has completely faded away.
Things that are here:
3 stones; a +0 short sword
There is a stone staircase leading up, spattered with blood here.
You climb upwards.
There is a stone staircase leading down here.
There is a stone staircase leading down here.
You start resting.
Magic restored.
You start resting.
HP restored.
You climb downwards.
There is a stone staircase leading up here.
The cyclops throws a large rock.
The large rock hits you!!!
Ouch! That really hurt!
You die...

..# ######.# #.##......#####.#
.## #....#.# #.#.#............
.### #.##.#.####.........#.#####
...# #.##.#.....##...##..#......
.#.# #....#.....#<...##..#######
...####...##.##..#.#.###.........
.................................
.#############...#.#............#
................@#.#####...#.##.
############.##..#.........#.##.#
#.........#.....########..#....#
#.......#..........).......#####
#######.####........T.$.!.......
#..........C..).###.#####.#####.
#.##....###.#.รท.# ##C.# #.#
#........##.....##$##.###.###
###..X##.#####...#..#.....)..


You could see a cyclops.

Vanquished Creatures
  Maggie (D:6)
  Grinder (D:3)
  A black bear (D:4)
  2 lemures (D:4)
  A necrophage (D:5)
  A killer bee (D:7)
  Jessica (D:2)
  Natasha (D:2)
  A white imp (D:7)
  An ufetubus (D:6)
  2 dart slugs (D:1)
  3 ball pythons
  2 bats
  2 endoplasms (D:2)
  4 giant cockroaches
  6 hobgoblins
  2 kobolds (D:1)
  3 quokkas
  2 training dummies (D:6)
  4 frilled lizards
  4 goblins
  3 rats
48 creatures vanquished.

Vanquished Creatures (collateral kills)
  A boulder beetle (D:7)
  A two-headed ogre (D:7)
  Pikel (D:4)
  A gargoyle (D:7)
  A shadow (D:7)
  A steam dragon (D:7)
  A vampire mosquito (D:7)
  An orc warrior (D:6)
  3 ogres (D:6)
  A sky beast (D:7)
  3 ice beasts
  2 lemures (D:4)
  2 centaurs (D:7)
  2 kobold brigands (D:7)
  Blork the orc (D:6)
  2 bullfrogs
  A scorpion (D:5)
  A necrophage (D:6)
  A wight (D:7)
  7 killer bees (D:7)
  3 howler monkeys (D:7)
  A hound (D:5)
  3 jellies
  Crazy Yiuf (D:3)
  An orc priest (D:4)
  4 iguanas
  Natasha (twice) (D:2)
  3 orc wizards
  6 adders
  2 white imps
  2 ufetubi (D:5)
  3 dart slugs
  12 orcs
  A ball python (D:1)
  3 endoplasms
  A giant cockroach (D:2)
  7 goblins
  6 hobgoblins
  A quokka (D:2)
  A training dummy (D:6)
  4 bats
  3 frilled lizards
  11 kobolds
  2 rats
  A spectral kobold (D:2)
118 creatures vanquished.

Grand Total: 166 creatures vanquished

Notes
Turn   | Place    | Note
-------+----------+-------------------------------------------
     0 | D:1      | zishaf the Felid Summoner began the quest for the Orb.
     0 | D:1      | Reached XP level 1. HP: 7/7 MP: 4/4
   442 | D:1      | Reached XP level 2. HP: 8/12 MP: 3/6
   445 | D:1      | Learned a level 2 spell: Call Imp
   971 | D:1      | Reached XP level 3. HP: 15/15 MP: 4/7
  1016 | D:1      | Learned a level 3 spell: Call Canine Familiar
  1486 | D:2      | Reached skill level 1 in Fighting
  1640 | D:2      | Noticed Jessica
  1657 | D:2      | Killed Jessica
  1658 | D:2      | Reached XP level 4. HP: 15/19 MP: 3/8
  1843 | D:2      | Found a faded altar of an unknown god.
  1919 | D:2      | Noticed Natasha
  1935 | D:2      | Killed Natasha
  2300 | D:2      | Noticed Natasha
  2320 | D:2      | Killed Natasha
  2534 | D:2      | Reached XP level 5. HP: 20/22 MP: 5/9
  2716 | D:2      | Found a faded altar of an unknown god.
  2725 | D:2      | Noticed Natasha
  2737 | D:2      | Killed Natasha
  2738 | D:2      | Reached skill level 5 in Summonings
  3568 | D:3      | Found a runed translucent door.
  3569 | D:3      | Noticed Crazy Yiuf
  3583 | D:3      | Killed Crazy Yiuf
  3766 | D:3      | Noticed Grinder
  3792 | D:3      | Paralysed by Grinder for 2 turns
  3820 | D:3      | Paralysed by Grinder for 2 turns
  3834 | D:3      | Killed Grinder
  3835 | D:3      | Reached skill level 1 in Evocations
  3835 | D:3      | Gained mutation: You are covered in thick fur. (AC +2)
                  | [Felid growth]
  3835 | D:3      | Reached XP level 6. HP: 27/27 MP: 2/11
  3998 | D:4      | Learned a level 4 spell: Summon Lightning Spire
  4065 | D:4      | Noticed Pikel
  4183 | D:4      | Noticed Pargi
  4185 | D:4      | Noticed Pargi
  4185 | D:4      | Pargi changed into Pargi the black bear
  4214 | D:4      | Killed Pargi the black bear
  4215 | D:4      | Reached skill level 5 in Stealth
  4215 | D:4      | Reached XP level 7. HP: 30/30 MP: 0/13
  5548 | D:4      | Found a staircase to the Ecumenical Temple.
  5558 | Temple   | Entered the Ecumenical Temple
  5656 | Temple   | Became a worshipper of Sif Muna the Loreminder
  6108 | D:4      | Killed Pikel
  6109 | D:4      | Reached skill level 5 in Dodging
  6109 | D:4      | Reached skill level 6 in Summonings
  6109 | D:4      | Reached skill level 1 in Invocations
  6109 | D:4      | Reached XP level 8. HP: 34/34 MP: 10/14
  6133 | D:5      | Entered Level 5 of the Dungeon
  6174 | D:5      | Identified the +0 tower shield of the Cockroach {rF+ Str+4}
  7368 | D:6      | Noticed Blork the orc
  7625 | D:6      | Killed Blork the orc
  7626 | D:6      | Reached skill level 5 in Evocations
  8087 | D:6      | Noticed Maggie
  8124 | D:6      | Killed Maggie
  8125 | D:6      | Reached skill level 7 in Summonings
  8125 | D:6      | Reached XP level 9. HP: 17/40 MP: 5/15
  8493 | D:6      | Found Qufoac's Firing Range.
  9423 | D:6      | Found Qufoac's Firing Range.
  9730 | D:7      | Reached * piety under Sif Muna
  9733 | D:7      | Reached skill level 5 in Fighting
 10039 | D:7      | Learned a level 6 spell: Summon Cactus Giant
 10712 | D:7      | Found a snail-covered altar of Cheibriados.
 10843 | D:7      | Gained mutation: You occasionally shout uncontrollably at
                  | your foes. [potion of mutation]
 10843 | D:7      | Gained mutation: Your natural rate of healing is unusually
                  | fast. [potion of mutation]
 10843 | D:7      | Gained mutation: You are frail. (-10% HP) [potion of
                  | mutation]
 10844 | D:7      | Lost mutation: You occasionally shout uncontrollably at
                  | your foes. [potion of mutation]
 10844 | D:7      | Lost mutation: Your natural rate of healing is unusually
                  | fast. [potion of mutation]
 10844 | D:7      | Lost mutation: You are frail. (-10% HP) [potion of
                  | mutation]
 10844 | D:7      | Gained mutation: You are frail. (-10% HP) [potion of
                  | mutation]
 10844 | D:7      | Gained mutation: You have hidden genetic potential. [potion
                  | of mutation]
 10844 | D:7      | Gained mutation: You sometimes lose the ability to read
                  | scrolls when taking damage. [potion of mutation]
 10845 | D:7      | Lost mutation: You sometimes lose the ability to read
                  | scrolls when taking damage. [potion of mutation]
 10845 | D:7      | Lost mutation: You are frail. (-10% HP) [potion of
                  | mutation]
 10845 | D:7      | Gained mutation: Your system is resistant to poisons.
                  | (rPois) [potion of mutation]
 10845 | D:7      | Gained mutation: You are agile. (Dex +2) [potion of
                  | mutation]
 10845 | D:7      | Lost mutation: You are agile. (Dex +2) [potion of mutation]
 10890 | D:7      | Noticed a gargoyle
 10920 | D:7      | Noticed a troll
 10931 | D:7      | Reached skill level 8 in Summonings
 10937 | D:7      | Noticed a cyan ugly thing
 11148 | D:7      | Killed from afar by a gargoyle
 11149 | D:7      | Reached XP level 8. HP: -6/38 MP: 12/14
 11255 | D:7      | Killed a gargoyle
 11256 | D:7      | Reached skill level 5 in Invocations
 11256 | D:7      | Reached XP level 9. HP: 41/41 MP: 9/15
 11314 | D:7      | Noticed a boulder beetle
 11374 | D:7      | Noticed a two-headed ogre
 11398 | D:7      | Killed from afar by a steam dragon
 11399 | D:7      | Reached XP level 8. HP: -12/38 MP: 7/14
 11435 | D:7      | Killed a boulder beetle
 11436 | D:7      | Reached skill level 5 in Air Magic
 12007 | D:7      | Reached skill level 9 in Summonings
 12007 | D:7      | Reached XP level 9. HP: 41/41 MP: 0/15
 12687 | D:7      | Killed a two-headed ogre
 12705 | D:7      | Gained mutation: Your thick and shaggy fur keeps you warm.
                  | (AC +3, rC+) [hidden potential]
 12752 | D:7      | Noticed a cyclops
 12758 | D:7      | Noticed a nameless horror
 12892 | D:7      | Hit by a large rock thrown by a cyclops

Illustrated notes

Levels and vault maps discovered:
D:1:      zaba_arrival_water, layout_basic, minmay_misc_feat_pillars
D:2:      kennysheep_big_flooded_room, layout_loops_corners,
          dreamdust_ecumenical_altar_drowned_temple, uniq_jessica, uniq_natasha
D:3:      layout_basic, uniq_crazy_yiuf_cottage, uniq_grinder
D:4:      layout_loops_ring, temple_doors_ab, uniq_pargi, uniq_pikel
D:5:      layout_loops_cross
D:6:      layout_layer_cave, nicolae_shop_firing_range, uniq_maggie,
          uniq_blork_the_orc
D:7:      minmay_the_grid_square_5x5_3x3 [minmay_the_grid_square_5x5_longway,
          minmay_the_grid_square_5x5_comb, minmay_the_grid_square_5x5_minivault,
          minmay_the_grid_square_5x5_plus,
          minmay_the_grid_square_5x5_megaprize_checkered,
          minmay_the_grid_square_5x5_hourglass,
          minmay_the_grid_square_5x5_beaten_path,
          minmay_the_grid_square_5x5_two_walls_b,
          minmay_the_grid_square_5x5_two_small], layout_basic, kennysheep_mini
Temple:   compressed_dpeg_circular_temple

Skill      XL: |  1  2  3  4  5  6  7  8  9 |
---------------+----------------------------+-----
Dodging        | 3 4 5 |  5.0
Stealth        | 3 4 5 |  5.0
Fighting       | 1 2 3 6 5 |  6.6
Summonings     | 5 6 9 8 |  9.4
Spellcasting   | 3 |  3.5
Evocations     | 1 3 5 |  5.0
Air Magic      | 2 5 4 |  5.5
Invocations    | 1 5 4 |  5.9

Action                   |  1- 3 |  4- 6 |  7- 9 || total
-------------------------+-------+-------+-------++-------
Melee: Unarmed           |    77 |    36 |    75 ||   188
       Bite              |     6 |     4 |    12 ||    22
       Punch             |       |       |     3 ||     3
 Cast: Summon Small Mamm |     5 |       |     1 ||     6
       Call Imp          |     8 |    13 |    62 ||    83
       Call Canine Famil |     1 |    21 |    59 ||    81
       Summon Lightning  |       |       |    43 ||    43
Evoke: Wand              |       |     4 |     2 ||     6
  Use: Scroll            |       |     7 |    10 ||    17
       Potion            |       |       |     4 ||     4
 Stab: Sleeping          |     5 |     5 |     1 ||    11
       Distracted        |       |       |     2 ||     2
Armor: Skin              |     5 |     2 |    11 ||    18
Dodge: Dodged            |    58 |    36 |   137 ||   231

Table legend: (Time is in decaauts)
 A = Elapsed time spent in this place.
 B = Non-inter-level travel time spent in this place.
 C = Inter-level travel time spent in this place.
 D = Time resting spent in this place.
 E = Time spent auto-exploring this place.
 F = Levels seen in this place.
 G = Mean time per level.
                   A        B        C        D        E       F      G
               +--------+--------+--------+--------+--------+-----+--------+
         Total |  11556 |  11296 |    260 |   2408 |   6191 |   8 | 1444.5 |
       Dungeon |  11464 |  11215 |    249 |   2408 |   6148 |   7 | 1637.7 |
        Temple |     91 |     80 |     11 |      0 |     43 |   1 |   91.0 |
               +--------+--------+--------+--------+--------+-----+--------+

Top non-repeatable levels by time:
     D:6: 2912 daAuts
     D:7: 2157 daAuts
     D:4: 1665 daAuts
     D:1: 1398 daAuts
     D:2: 1171 daAuts
     D:3: 1166 daAuts
     D:5: 991 daAuts
  Temple: 91 daAuts
